AoeStats
← 已严肃退出多人局

Fortress

509834660Analyzed
4v4 RM · 5d ago on Sep 28, 2026· 39m 41s· 8 players
Game mode
Random Map
Map size
Huge
Population
200
Speed
Normal
Resources
Standard
Victory
Conquest
Starting age
Dark Age
Ending age
Imperial Age
RankedLock teamsTeams togetherTeam positionsShared explorationLock speedFull tech treeHidden civsTurbo modeCheats
Victory
Defeat
🇨🇳 Mongols · China
1907
+17
🇭🇰 Hindustanis · Hong Kong SAR China
1847
+19
🇨🇳 Danes · China
1774
+22
🇨🇳 Bengalis · China
1723
+25
🇹🇼 Mongols · Taiwan
1970
-23
🇹🇼 Wei · Taiwan
1928
-21
🇹🇼 Varangians · Taiwan
1887
-20
🇹🇼 Danes · Taiwan
1885
-19
CNZS_ique
7:10 Feudal Age
10:51 Castle Age
9:35 Double-Bit Axe
9:34 Horse Collar
12:04 Bow Saw
17:02 Wheelbarrow
16:27 Loom
16:28 Town Watch
17:09 Gold Mining
18:18 Hand Cart
20:10 Gold Shaft Mining
20:59 Ballistics
21:03 Fletching
24:38 Imperial Age
23:42 Bodkin Arrow
23:48 Padded Archer Armor
24:14 Heavy Plow
24:05 Stone Mining
25:40 Bracer
26:41 Chemistry
27:54 Leather Archer Armor
28:10 Paiks
28:26 Conscription
30:23 Ring Archer Armor
30:41 Siege Engineers
30:57 Elite Elephant Archer
33:30 Masonry
34:12 Mahayana
34:45 Architecture
34:52 Crop Rotation
35:26 Two-Man Saw
35:06 Scale Barding Armor
36:20 Caravan
36:52 Coinage
39:11 Banking
38:45 Arrowslits
39:46 Murder Holes
40:03 Fortified Wall
RTMaxwell
7:26 Feudal Age
8:23 Double-Bit Axe
11:15 Castle Age
9:07 Horse Collar
12:12 Bow Saw
12:09 Heavy Plow
17:46 Wheelbarrow
19:46 Loom
19:47 Town Watch
21:46 Hand Cart
22:11 Gold Mining
25:09 Imperial Age
23:12 Scale Mail Armor
23:21 Squires
23:14 Arson
23:44 Forging
23:51 Gambesons
25:22 Capped Ram
26:20 Chain Mail Armor
26:07 Elite Varangian Guard
27:36 Iron Casting
27:35 Plate Mail Armor
28:26 Iron Casting
29:13 Siege Ram
30:39 Onager
32:14 Gold Shaft Mining
31:53 Northmen's Fury
32:56 Conscription
32:48 Siege Onager
34:03 Siege Engineers
34:32 Hamask
CNZS_Donghaidi
6:47 Feudal Age
10:17 Castle Age
8:25 Double-Bit Axe
8:43 Horse Collar
14:28 Loom
15:57 Loom
16:43 Fletching
18:54 Bodkin Arrow
25:56 Wheelbarrow
25:44 Bow Saw
29:57 Imperial Age
27:21 Town Watch
28:28 Gold Mining
28:28 Stone Mining
28:58 Hand Cart
29:13 Padded Archer Armor
30:03 Ballistics
30:03 Heavy Plow
30:53 Leather Archer Armor
31:15 Conscription
31:10 Husbandry
31:00 Elite Mangudai
32:28 Parthian Tactics
32:18 Bloodlines
33:46 Chemistry
33:17 Bracer
33:48 Caravan
34:14 Thumb Ring
39:07 Masonry
39:02 Siege Engineers
38:40 Onager
已严肃退出多人局
7:40 Feudal Age
8:51 Double-Bit Axe
9:34 Horse Collar
12:02 Castle Age
13:06 Bow Saw
15:56 Wheelbarrow
16:22 Heavy Plow
17:17 Hand Cart
18:49 Gold Mining
20:29 Loom
20:29 Town Watch
21:21 Gold Shaft Mining
20:37 Stone Mining
20:51 Grand Trunk Road
25:08 Imperial Age
23:53 Bloodlines
23:43 Husbandry
24:19 Scale Barding Armor
24:25 Forging
24:49 Fletching
25:38 Chain Barding Armor
25:13 Heavy Camel Rider
26:36 Conscription
27:12 Iron Casting
29:00 Plate Barding Armor
29:17 Imperial Camel Rider
36:11 Blast Furnace
35:52 Coinage
35:23 Caravan
39:13 Bodkin Arrow
40:36 Hoardings
GKT_Cloud
6:58 Feudal Age
10:47 Castle Age
8:37 Horse Collar
9:07 Double-Bit Axe
11:52 Bow Saw
16:59 Wheelbarrow
18:08 Loom
18:45 Hand Cart
19:31 Gold Mining
23:55 Imperial Age
21:41 Scale Barding Armor
21:58 Vendel Legacy
22:40 Husbandry
23:19 Forging
23:28 Bloodlines
23:55 Chain Barding Armor
23:23 Pikeman
24:04 Squires
24:17 Scale Mail Armor
24:52 Iron Casting
24:16 Cavalier
25:35 Iron Casting
25:49 Plate Barding Armor
26:08 Conscription
25:41 Halberdier
27:01 Chain Mail Armor
28:05 Iron Casting
29:10 Plate Mail Armor
30:15 Fletching
32:23 Blast Furnace
33:58 Caravan
34:54 Coinage
[LuB]夢夢
7:06 Feudal Age
10:53 Castle Age
8:47 Double-Bit Axe
8:52 Horse Collar
11:53 Bow Saw
12:35 Wheelbarrow
17:37 Loom
17:51 Fletching
21:32 Gold Mining
22:24 Bodkin Arrow
25:35 Imperial Age
23:34 Ballistics
23:12 Bodkin Arrow
24:09 Padded Archer Armor
25:37 Heavy Plow
25:30 Stone Mining
25:59 Hand Cart
26:04 Bloodlines
25:54 Husbandry
25:56 Town Watch
26:23 Bracer
27:33 Chemistry
27:06 Conscription
27:38 Leather Archer Armor
27:50 Parthian Tactics
28:06 Elite Mangudai
29:25 Thumb Ring
30:13 Masonry
30:21 Town Patrol
30:28 Capped Ram
31:50 Drill
31:27 Siege Ram
37:16 Heavy Plow
38:38 Caravan
小白
5:28 Feudal Age
5:52 Horse Collar
5:58 Double-Bit Axe
9:19 Wheelbarrow
13:08 Castle Age
11:38 Gold Mining
12:15 Stone Mining
14:32 Bow Saw
14:35 Heavy Plow
16:22 Hand Cart
19:18 Fletching
21:07 Loom
23:59 Imperial Age
22:16 Bodkin Arrow
22:26 Treadmill Crane
23:44 Gold Shaft Mining
23:47 Stone Shaft Mining
23:45 Padded Archer Armor
24:25 Bloodlines
24:16 Husbandry
24:41 Ballistics
25:52 Tuntian
26:12 Conscription
26:55 Bracer
27:59 Chemistry
27:38 Elite Skirmisher
28:27 Thumb Ring
28:47 Parthian Tactics
28:57 Leather Archer Armor
29:49 Leather Archer Armor
32:22 Hoardings
34:06 Ring Archer Armor
33:41 Elite Skirmisher
[LuB]a61
7:10 Feudal Age
8:14 Double-Bit Axe
11:11 Castle Age
9:12 Horse Collar
12:06 Bow Saw
12:00 Scale Mail Armor
14:20 Arson
17:44 Chain Mail Armor
20:58 Wheelbarrow
21:41 Gold Mining
23:09 Hand Cart
26:48 Imperial Age
24:45 Loom
24:46 Town Watch
25:24 Squires
25:48 Heavy Plow
26:27 Pikeman
26:33 Hamask
26:52 Onager
26:57 Man-at-Arms
27:23 Gambesons
28:48 Plate Mail Armor
28:05 Long Swordsman
28:52 Two-Handed Swordsman
29:56 Forging
31:22 Champion
34:43 Siege Onager
36:35 Pikeman
37:56 Iron Casting
38:00 Fletching
Connection lost

Rejoining the realm…

Still unreachable

The connection could not be restored.

Session expired

The server has moved on; the page needs a fresh start.